 Dungeon Crawl Stone Soup version 0.25-b1-23-ge2ad7d536c (webtiles) character file.

Game seed: 10979841933029768368, levelgen mode: deterministic

135 Esekla the Grave Robber (level 5, 0/33 HPs)
             Began as an Octopode Necromancer on May 30, 2020.
             Slain by a mummy (6 damage)
             ... in an ossuary.
             The game lasted 00:15:36 (2202 turns).

Esekla the Grave Robber (Octopode Necromancer)      Turns: 2202, Time: 00:15:36

Health: 0/33       AC:  1    Str:  8    XL:     5   Next: 18%
Magic:  9/9        EV: 14    Int: 18    God:
Gold:   136        SH:  0    Dex: 12    Spells: 6/10 levels left

rFire    . . .     SeeInvis .   h - +0 dagger (holy)
rCold    . . .     Gourm    .   (no shield)
rNeg     . . .     Faith    .   (helmet restricted)
rPois    .         Spirit   .   (no amulet)
rElec    .         Reflect  .   (no ring)
rCorr    .         Harm     .   (no ring)
MR       .....                  (no ring)
Stlth    +++.......             (no ring)
HPRegen  0.11/turn              (no ring)
MPRegen  0.11/turn              (no ring)
                                (no ring)
                                (no ring)

@: no status effects
A: almost no armour, stealthy swim, amphibious, 8 rings, constrict 8, camouflage
1, gelatinous body 1
a: no special abilities


You were in an ossuary.
You were not hungry.

You visited 1 branch of the dungeon, and saw 4 of its levels.
You also visited: Ossuary.

You collected 136 gold pieces.

Inventory:

Hand Weapons
 g - a +0 spear
 h - a +0 dagger of holy wrath (weapon)
 v - a +3 dagger of venom
Wands
 c - a wand of acid (10)
Scrolls
 d - 3 scrolls of identify
Potions
 f - a potion of flight
 i - a potion of stabbing
 k - 2 potions of curing
Comestibles
 b - 4 rations


   Skills:
 * Level 1.4 Fighting
 + Level 0.2 Short Blades
 * Level 3.0 Dodging
 + Level 3.3 Stealth
 * Level 3.0 Spellcasting
 + Level 4.6 Necromancy


You had 6 spell levels left.
You knew the following spells:

 Your Spells              Type           Power        Failure   Level  Hunger
a - Pain                  Necr           ###.         2%          1    None
d - Vampiric Draining     Necr           ###.......   8%          3    ###....

Your spell library contained the following spells:

 Spells                   Type           Power        Failure   Level  Hunger
 Animate Skeleton         Necr           N/A          2%          1    None
 Beastly Appendage        Tmut           #.....       16%         1    None
 Sticks to Snakes         Tmut           #.......     24%         2    ##.....
 Animate Dead             Necr           N/A          24%         4    ####...
 Spider Form              Tmut/Pois      #.........   43%         3    ###....
 Agony                    Necr           ###.....     56%         5    ######.
 Ice Form                 Ice/Tmut       #.......     85%         4    ####...
 Blade Hands              Tmut           #.........   99%         5    ######.


Dungeon Overview and Level Annotations

Branches:
Dungeon (4/15)            Ossuary (1/1)
 Temple: D:4-7

Altars:
Fedhas
Qazlal
Uskayaw


Innate Abilities, Weirdness & Mutations

You cannot wear most types of armour.
You are very stealthy in the water. (Stealth+)
You are amphibious.
You can wear up to eight rings at the same time.
You can use your tentacles to constrict eight enemies at once.
Your skin changes colour to match your surroundings (Stealth+).
Your rubbery body absorbs attacks. (AC +1, EV +1)


Message History

You hit the mummy.
The mummy convulses.
The mummy is lightly damaged.
You constrict the mummy. x2; The mummy closely misses you.
You hit the mummy.
The mummy convulses.
The mummy is heavily damaged.
You constrict the mummy. x2; The mummy hits you.
The mummy closely misses you.
You hit the mummy but do no damage.
You squeeze the mummy, but do no damage.
The mummy is severely damaged.
You constrict the mummy. x2; The mummy barely misses you. x2
You hit the mummy.
The mummy convulses.
You destroy the mummy!
Your Spellcasting skill increases to level 3!
You constrict the mummy. The mummy completely misses you.
You hit the mummy but do no damage.
The mummy is severely damaged.
You constrict the mummy. The mummy hits you!
* * * LOW HITPOINT WARNING * * *
The mummy hits you.
You die...

............Z..#
.............
#........#
#......#
##....## #....#
#....# #MM..#
#.@..# #....#
#....# #....#
#.∩∩.# ######


You could see 2 mummies.

Vanquished Creatures
  A bullfrog skeleton (D:4)
  A worker ant (D:4)
  2 mummies (Ossuary)
  3 adders
  A worm (D:3)
  4 hobgoblins
  5 kobolds
  A frilled lizard (D:1)
  5 goblins
  2 hobgoblin zombies (Ossuary)
  2 kobold zombies (Ossuary)
  3 orc zombies (Ossuary)
  A rat (D:2)
31 creatures vanquished.

Notes
Turn   | Place    | Note
-------+----------+-------------------------------------------
     0 | D:1      | Esekla the Octopode Necromancer began the quest for the
                  | Orb.
     0 | D:1      | Reached XP level 1. HP: 11/11 MP: 3/3
   535 | D:2      | Found a stormy altar of Qazlal.
   537 | D:2      | Found a blossoming altar of Fedhas.
   614 | D:2      | Reached XP level 2. HP: 2/17 MP: 0/5
   771 | D:2      | Reached XP level 3. HP: 18/21 MP: 4/6
   778 | D:2      | Learned a level 3 spell: Vampiric Draining
  1148 | D:3      | Found a hide-covered altar of Uskayaw.
  1707 | D:4      | HP: 1/22 [bullfrog skeleton (5)]
  1708 | D:4      | Reached skill level 1 in Fighting
  1708 | D:4      | Reached XP level 4. HP: 1/28 MP: 7/7
  2028 | D:4      | Found a sand-covered staircase.
  2033 | Ossuary  | Entered an ossuary
  2077 | Ossuary  | Reached XP level 5. HP: 28/33 MP: 9/9
  2202 | Ossuary  | Slain by a mummy

Illustrated notes

Levels and vault maps discovered:
D:1:      dpeg_arrival_round_a, layout_rooms
D:2:      layout_basic, grunt_temple_overflow_order_and_chaos_2,
          grunt_temple_overflow_forces_of_nature, serial_forest,
          infiniplex_forest_clump_small, infiniplex_forest_end_2,
          infiniplex_forest_lined_2, infiniplex_forest_clump_diagonal,
          infiniplex_forest_clump_tiny, minmay_misc_feat_tiny
D:3:      layout_basic, eat_drink_and_be_merry_uskayaw, serial_co_window_serial,
          co_window_corner_a, co_window_corner_a, co_window_corner_a,
          co_window_paths_a, co_window_paths_a, co_window_paths_a,
          co_window_paths_a, co_window_broadway_a, co_window_of_opportunity_b,
          co_window_2corner, glass_columns_c, chequers_decorated_corner
D:4:      layout_loops_corners, enter_ossuary_2, kennysheep_another_room,
          minmay_unequal
Ossuary:  ossuary_tomb_3

Skill      XL: |  1  2  3  4  5 |
---------------+----------------+-----
Fighting       | 1 |  1.4
Stealth        | 3 |  3.3
Dodging        | 3 |  3.0
Spellcasting   | 3 |  3.0
Short Blades   | |  0.2
Necromancy     | |  4.6

Action                   |  1- 3 |  4- 6 || total
-------------------------+-------+-------++-------
Melee: Dagger            |    27 |    31 ||    58
       Constrict         |     7 |    10 ||    17
       Tentacles         |     6 |     8 ||    14
 Cast: Pain              |    23 |       ||    23
  Use: Potion            |     2 |       ||     2
       Scroll            |     2 |     3 ||     5
 Stab: Sleeping          |     3 |     1 ||     4
  Eat: Chunk             |     2 |       ||     2
       Ration            |       |     1 ||     1
Armor: Skin              |     1 |     2 ||     3
Dodge: Dodged            |    15 |    12 ||    27
